 Dungeon Crawl Stone Soup version 0.27.0-1-g7a089689b8 (webtiles) character file.

Game seed: 2796734968560206478

47 Spaninq the Skirmisher (level 3, -4/29 HPs)
             Began as a Formicid Air Elementalist on Aug 10, 2021.
             Slain by an adder (5 damage)
             ... on level 2 of the Dungeon.
             The game lasted 00:09:02 (2557 turns).

Spaninq the Skirmisher (Formicid Air Elementalist)  Turns: 2557, Time: 00:09:03

Health: -4/29      AC:  2    Str: 13    XL:     3   Next: 97%
Magic:  0/6        EV: 12    Int: 14    God:
Gold:   114        SH:  0    Dex: 11    Spells: 5/6 levels left

rFire    . . .     SeeInvis +   (no weapon)
rCold    . . .     Faith    .   (no shield)
rNeg     . . .     Spirit   .   a - +0 robe
rPois    .         Reflect  .   (helmet unavailable)
rElec    .         Harm     .   (no cloak)
rCorr    .         Rampage  .   (no gloves)
Will     .....                  (no boots)
Stlth    ++........             (no amulet)
HPRegen  0.09/turn              (no ring)
MPRegen  0.10/turn              (no ring)

@: mighty
A: permanent stasis, dig shafts and tunnels, antennae 3, four strong arms
a: Dig, Shaft Self


You were on level 2 of the Dungeon.
You visited 1 branch of the dungeon, and saw 2 of its levels.

You collected 114 gold pieces.

Inventory:

Armour
 a - a +0 robe (worn)
 e - a +0 scale mail
Scrolls
 d - a scroll of vulnerability {unknown}
 h - a scroll of identify {unknown}
Potions
 b - 2 potions of might
 c - a potion of haste {unknown}
 f - a potion of flight {unknown}
 g - a potion of curing {unknown}
 i - a potion of degeneration {unknown}
 j - 2 potions of lignification {unknown}


   Skills:
 + Level 3.5 Fighting
 - Level 1.7 Dodging
 - Level 2.4 Stealth
 - Level 2.1 Spellcasting
 - Level 0.8 Conjurations
 - Level 2.4 Air Magic


You had 5 spell levels left.
You knew the following spells:

 Your Spells              Type           Power      Damage    Failure   Level
a - Shock                 Conj/Air       24%        1d4       12%         1

Your spell library contained the following spells:

 Spells                   Type           Power      Damage    Failure   Level
 Static Discharge         Conj/Air       6%         N/A       19%         2
 Airstrike                Air            4%         N/A       65%         4
 Swiftness                Air            Unusable   N/A       N/A         3

Dungeon Overview and Level Annotations

Branches:
Dungeon (2/15)

Altars:

Shops:
D:1 *


Innate Abilities, Weirdness & Mutations

You cannot be hasted, slowed, berserked, paralysed or teleported.
You can dig through walls and to a lower floor.
You have a pair of large antennae on your head. (SInv)
Your four strong arms can wield two-handed weapons with a shield.


Message History

The zap hits the hobgoblin.
You kill the hobgoblin!
The adder closely misses you. The adder bites you but does no damage.
The adder bites you.
You are poisoned.
The adder poisons you!
You feel sick.
You feel sick.
You feel sick.
You feel sick. The adder bites you.
You are more poisoned.
The adder poisons you!
You feel sick.
You feel sick.
You feel sick.
You feel sick. The adder bites you.
* * * LOW HITPOINT WARNING * * *
You feel sick.
You feel sick.
Casting: Shock (safe; 12% risk of failure)
Confirm with . or Enter, or press ? or * to list all spells.
Aiming: Shock (safe; 12% risk of failure)
Press: ? - help, Shift-Dir - straight line That beam is likely to hit you.
Continue anyway?
Okay, then.
You feel sick.
You are no longer poisoned.
Casting: Shock (safe; 12% risk of failure)
Confirm with . or Enter, or press ? or * to list all spells.
Aiming: Shock (safe; 12% risk of failure)
Press: ? - help, Shift-Dir - straight line The zap misses the adder.
The zap hits the adder.
The adder is severely wounded.
The adder bites you.
* * * LOW HITPOINT WARNING * * *
The adder misses you.
It was a potion of might.
You feel very mighty all of a sudden. The adder bites you.
You die...

...#....#..............
........#............... .
........#####..........#.#
.......................#.#
##....................... ...
................#####..#......
......##...............#.....#
......#######...#......#...... #
.......# ####..S@......#.....##.#
.......###.......#+##....(.....
........†..............#.###.####
###########......................
.P. ...#.......................
.#.#P#.#.#...#.#####...#.#...#...
.PPPP.P..P...#.....#...#.#.###.#.
.#.#.#.#.#...#.......###.#.......
.P. .P.#...#.......#.........#.


You could see an adder.

Vanquished Creatures
  2 worms (D:2)
  8 bats
  2 giant cockroaches
  3 goblins
  4 hobgoblins
  4 jackals
  A quokka (D:1)
  6 ball pythons
  6 frilled lizards
  3 rats (D:2)
39 creatures vanquished.

Notes
Turn   | Place    | Note
-------+----------+-------------------------------------------
     0 | D:1      | Spaninq the Formicid Air Elementalist began the quest for
                  | the Orb.
     0 | D:1      | Reached XP level 1. HP: 13/13 MP: 3/3
   196 | D:1      | Reached skill level 1 in Fighting
   259 | D:1      | Reached XP level 2. HP: 14/22 MP: 0/5
   685 | D:1      | Reached skill level 2 in Fighting
  1215 | D:1      | Reached XP level 3. HP: 28/28 MP: 2/6
  1259 | D:1      | Found Colios's General Store.
  1906 | D:2      | Reached skill level 3 in Fighting
  2556 | D:2      | HP: 1/29 [adder (3)]
  2557 | D:2      | Slain by an adder

Illustrated notes

Levels and vault maps discovered:
D:1:      minmay_arrival_jagged, layout_basic, serial_shops, shop
D:2:      layout_basic, shapermc_ecumenical_altar_mp_urbaneastern, basic_altar

Skill      XL: |  1  2  3 |
---------------+----------+-----
Fighting       | 1 2 3 |  3.5
Dodging        | |  1.7
Stealth        | |  2.4
Spellcasting   | |  2.1
Conjurations   | |  0.8
Air Magic      | |  2.4

Action                   || total
-------------------------++-------
Melee: Unarmed           ||     3
 Cast: Shock             ||    89
  Use: Potion            ||     1
Armor: Robe              ||    25
Dodge: Dodged            ||    87
